 Dungeon Crawl Stone Soup version 0.27-a0-978-g2aa4ecdaef (webtiles) character file.

Game seed: 6121433085088338093

152 tardwrangler69 the Digger (level 5, -1/38 HPs)
             Began as a Draconian Earth Elementalist on Apr 14, 2021.
             Slain by a kobold
             ... wielding a +0 club
              (3 damage)
             ... on level 2 of the Dungeon.
             The game lasted 00:01:43 (2976 turns).

tardwrangler69 the Digger (DrEE)                    Turns: 2976, Time: 00:01:44

Health: -1/38      AC:  5    Str: 11    XL:     5   Next: 11%
Magic:  4/9        EV: 12    Int: 16    God:
Gold:   37         SH:  0    Dex: 11    Spells: 9/10 levels left

rFire    . . .     SeeInvis .   h - +2 dagger (pain)
rCold    . . .     Faith    .   (no shield)
rNeg     . . .     Spirit   .   (armour unavailable)
rPois    .         Reflect  .   (helmet restricted)
rElec    .         Harm     .   (no cloak)
rCorr    .         Rampage  .   (no gloves)
Will     .....                  (no boots)
Stlth    ++........             (no amulet)
HPRegen  0.12/turn              (no ring)
MPRegen  0.11/turn              (no ring)

@: no status effects
A: AC +5, unfitting armour, cold-blooded
a: no special abilities


You were on level 2 of the Dungeon.
You visited 1 branch of the dungeon, and saw 2 of its levels.

You collected 37 gold pieces.

Inventory:

Hand Weapons
 h - a +2 dagger of pain (weapon)
Missiles
 b - 11 stones
Scrolls
 a - a scroll of vulnerability {unknown}
 d - 2 scrolls of identify {unknown}
 e - a scroll of noise {unknown}
 f - a scroll of immolation {unknown}
Potions
 c - a potion of berserk rage {unknown}
 g - a potion of heal wounds {unknown}


   Skills:
 - Level 1.7 Dodging
 - Level 1.7 Stealth
 + Level 3.2 Spellcasting
 - Level 1.0 Transmutations
 * Level 5.1 Earth Magic


You had 9 spell levels left.
You knew the following spells:

 Your Spells              Type           Power      Damage    Failure   Level
a - Sandblast             Erth           36%        2d10      2%          1

Your spell library contained the following spells:

 Spells                   Type           Power      Damage    Failure   Level
 Passwall                 Tmut/Erth      10%        N/A       8%          2
 Stone Arrow              Conj/Erth      20%        3d8       19%         3
 Petrify                  Tmut/Erth      12%        N/A       45%         4
 Lee's Rapid Deconstruct  Erth           9%         3d8*      52%         5


Dungeon Overview and Level Annotations

Branches:
Dungeon (2/15)

Altars:


Innate Abilities, Weirdness & Mutations

Your plain brown scales are hard. (AC +5)
You cannot fit into any form of body armour.
You are cold-blooded and may be slowed by cold attacks.


Message History

Aiming: Sandblast (safe; 2% risk of failure)
Press: ? - help, Shift-Dir - straight line, f - ball python
Aim: a ball python (constricting you, 23% to evade)
The blast of sand hits the ball python!
You kill the ball python!
The kobold hits you with a +0 club. Natasha claws you.
* * * LOW HITPOINT WARNING * * *
Casting: Sandblast (safe; 2% risk of failure)
Confirm with . or Enter, or press ? or * to list all spells.
Aiming: Sandblast (safe; 2% risk of failure)
Press: ? - help, Shift-Dir - straight line, f - Natasha
Aim: Natasha, carrying a wand of flame (19) (lightly wounded, 26% to evade)
The blast of sand hits Natasha!
Natasha is severely wounded.
An adder comes into view.
The kobold hits you with a +0 club.
* * * LOW HITPOINT WARNING * * *
Natasha casts a spell.
Casting: Sandblast (safe; 2% risk of failure)
Confirm with . or Enter, or press ? or * to list all spells.
Aiming: Sandblast (safe; 2% risk of failure)
Press: ? - help, Shift-Dir - straight line, f/p - Natasha
Aim: Natasha, carrying a wand of flame (19) (severely wounded, 26% to evade)
The blast of sand hits Natasha.
You kill Natasha!
You feel Natasha's spirit has finally been put to rest.
The crimson imp disappears in a puff of smoke!
The kobold hits you with a +0 club.
* * * LOW HITPOINT WARNING * * *
Your Earth Magic skill increases to level 5!
You have reached level 5!
Casting: Sandblast (safe; 2% risk of failure)
Confirm with . or Enter, or press ? or * to list all spells.
Aiming: Sandblast (safe; 2% risk of failure)
Press: ? - help, Shift-Dir - straight line, f - adder
Aim: an adder (34% to evade)
The blast of sand hits the adder!
You kill the adder!
The kobold hits you with a +0 club.
You die...

. #... ## ... ... ..
#######.# #......<
#....§.################
#.....@§...............
#....K.################
#......# ######## #
#... #...


You could see a kobold.

Vanquished Creatures
  Natasha (thrice) (D:2)
  3 adders (D:2)
  A worm (D:2)
  2 dart slugs
  5 endoplasms
  2 giant cockroaches
  2 goblins (D:1)
  5 hobgoblins
  9 jackals (D:1)
  2 quokkas (D:1)
  5 ball pythons
  4 bats
  4 frilled lizards (D:1)
  3 kobolds (D:1)
  2 rats (D:1)
52 creatures vanquished.

Notes
Turn   | Place    | Note
-------+----------+-------------------------------------------
     0 | D:1      | tardwrangler69 the Draconian Earth Elementalist began the
                  | quest for the Orb.
     0 | D:1      | Reached XP level 1. HP: 14/14 MP: 3/3
   121 | D:1      | Found a faded altar of an unknown god.
   508 | D:1      | Reached XP level 2. HP: 16/20 MP: 5/5
  1593 | D:1      | Reached XP level 3. HP: 25/26 MP: 6/6
  1882 | D:1      | Reached skill level 4 in Earth Magic
  2264 | D:2      | Noticed Natasha
  2267 | D:2      | Killed Natasha
  2268 | D:2      | Reached XP level 4. HP: 33/33 MP: 5/8
  2314 | D:2      | Noticed Natasha
  2325 | D:2      | Killed Natasha
  2967 | D:2      | Noticed Natasha
  2975 | D:2      | Killed Natasha
  2976 | D:2      | Reached skill level 5 in Earth Magic
  2976 | D:2      | Reached XP level 5. HP: 2/38 MP: 5/9
  2976 | D:2      | Slain by a kobold

Illustrated notes

Levels and vault maps discovered:
D:1:      lightli_arrival_statuegarden, layout_basic,
          hellmonk_ecumenical_altar_crossroads
D:2:      layout_rooms, minmay_misc_feat_tiny, uniq_natasha

Skill      XL: |  1  2  3  4 |
---------------+-------------+-----
Earth Magic    | 4 5 |  5.1
Spellcasting   | 3 |  3.2
Dodging        | |  1.7
Stealth        | |  1.7
Transmutations | |  1.0

Action                   |  1- 3 |  4- 6 || total
-------------------------+-------+-------++-------
Melee: Dagger            |   153 |    40 ||   193
       Unarmed           |    10 |       ||    10
       Tailslap          |    15 |     6 ||    21
 Cast: Sandblast         |    11 |     8 ||    19
 Stab: Sleeping          |     4 |     1 ||     5
Armor: Skin              |    55 |    13 ||    68
Dodge: Dodged            |   133 |    27 ||   160

Table legend: (Time is in decaauts)
 A = Elapsed time spent in this place.
 B = Non-inter-level travel time spent in this place.
 C = Inter-level travel time spent in this place.
 D = Time resting spent in this place.
 E = Time spent auto-exploring this place.
 F = Levels seen in this place.
 G = Mean time per level.
                   A        B        C        D        E       F      G
               +--------+--------+--------+--------+--------+-----+--------+
         Total |   2979 |   2883 |     96 |    289 |   2220 |   2 | 1489.5 |
       Dungeon |   2979 |   2883 |     96 |    289 |   2220 |   2 | 1489.5 |
               +--------+--------+--------+--------+--------+-----+--------+

Top non-repeatable levels by time:
     D:1: 2517 daAuts
     D:2: 462 daAuts
